 Dungeon Crawl Stone Soup version 0.28-a0-706-gf6f64a616a (webtiles) character file.

Game seed: 4371686290637525510

1409 KoroneIsBestGirl the Frost Mage (level 8, -4/52 HPs)
             Began as a Barachi Ice Elementalist on Oct 24, 2021.
             Was an Elder of Qazlal.
             Slain by an iron imp (8 damage)
             ... summoned by pokeman's ghost
             ... on level 5 of the Dungeon.
             The game lasted 00:10:26 (7271 turns).

KoroneIsBestGirl the Frost Mage (BaIE)              Turns: 7271, Time: 00:10:26

Health: -4/52      AC:  3    Str: 11      XL:     8   Next: 70%
Magic:  5/8        EV: 14    Int: 21      God:    Qazlal [****..]
Gold:   208        SH:  5    Dex: 13 (14) Spells: 12/19 levels left

rFire   . . .      SeeInvis +   B - +2 quarterstaff "Xoselen" {vamp, rElec MP-9 Dex+2}
rCold   . . .      Faith    .   (shield currently unavailable)
rNeg    . . .      Spirit   .   y - +0 leather armour of Liberalism {rPois Int+4}
rPois   +          Reflect  .   (no helmet)
rElec   +          Harm     .   (no cloak)
rCorr   .          Rampage  .   (no gloves)
Will    .....                   (no boots)
Stlth   +.........              (no amulet)
HPRegen 0.17/turn               z - ring of see invisible
MPRegen 0.11/turn               (no ring)

@: unable to hop, hasted, repel missiles, quick
A: amphibious, slowness 1, strong legs 1, +LOS
a: Hop, Renounce Religion, Upheaval, Elemental Force


You were on level 5 of the Dungeon.
You worshipped Qazlal.
Qazlal was greatly pleased with you.
You visited 1 branch of the dungeon, and saw 6 of its levels.

You collected 208 gold pieces.

Inventory:

Hand Weapons
 t - a +0 dagger
 B - the +2 quarterstaff "Xoselen" (weapon) {vamp, rElec MP-9 Dex+2}
   (You found it on level 5 of the Dungeon)

   It occasionally heals its wielder for a portion of the damage dealt when it
   wounds a living foe.
   Dex:       It affects your dexterity (+2).
   rElec:     It insulates you from electricity.
   MP:        It affects your magic capacity (-9).
Armour
 a - a +0 robe
 o - a +2 scale mail of fire resistance
 x - a +2 robe of cold resistance
 y - the +0 leather armour of Liberalism (worn) {rPois Int+4}
   (You found it on level 4 of the Dungeon)

   Int:       It affects your intelligence (+4).
   rPois:     It protects you from poison.
Jewellery
 z - a ring of see invisible (left hand)
Wands
 i - a wand of charming (13)
Scrolls
 b - 3 scrolls of teleportation
 e - 2 scrolls of noise {unknown}
 f - 2 scrolls of fog {unknown}
 h - 2 scrolls of identify {unknown}
 j - a scroll of fear {unknown}
 k - 2 scrolls of magic mapping {unknown}
 l - a scroll of holy word {unknown}
 n - 2 scrolls of immolation {unknown}
 r - 2 scrolls of amnesia {unknown}
 s - a scroll of enchant weapon {unknown}
 v - a scroll of brand weapon {unknown}
 A - 2 scrolls of enchant armour {unknown}
Potions
 c - a potion of heal wounds {unknown}
 g - 3 potions of lignification {unknown}
 m - 4 potions of curing {unknown}
 q - 2 potions of magic {unknown}
 u - a potion of cancellation {unknown}
 w - a potion of attraction {unknown}


   Skills:
 - Level 3.0 Armour
 + Level 6.6 Dodging
 - Level 1.7 Stealth
 + Level 6.2 Spellcasting
 + Level 8.5 Ice Magic


You had 12 spell levels left.
You knew the following spells:

 Your Spells              Type           Power      Damage    Failure   Level
a - Freeze                Ice            100%       1d11      1%          1
b - Frozen Ramparts       Ice            84%        1d10      1%          3
c - Ozocubu's Armour      Ice            42%        N/A       1%          3

Your spell library contained the following spells:

 Spells                   Type           Power      Damage    Failure   Level
 Ensorcelled Hibernation  Hex/Ice        48%        N/A       3%          2
 Blink                    Tloc           12%        N/A       19%         2
 Scorch                   Fire           12%        2d5       19%         2
 Hailstorm                Conj/Ice       24%        3d7       22%         4
 Lesser Beckoning         Tloc           6%         N/A       36%         3
 Spider Form              Tmut/Pois      3%         N/A       36%         3
 Flame Wave               Conj/Fire      6%         3d4       77%         4
 Manifold Assault         Tloc           6%         N/A       98%         5
 Summon Cactus Giant      Summ           3%         N/A       100%        6


Dungeon Overview and Level Annotations

Branches:
Dungeon (6/15)
 Temple: D:4-7

Altars:
Qazlal
Trog
Zin

Shops:
D:2 [**   D:4 !

Annotations:
D:5 1 runed translucent door, pokeman's ghost, novice DEWz
D:6 Eustachio


Innate Abilities, Weirdness & Mutations

You are amphibious.
You cover ground slowly.
You can hop short distances.
You have an extended range of vision and can be seen from far away.


Message History

* * * LOW HITPOINT WARNING * * *
The wall freezes the rat.
You kill the rat!
The rat's corpse disappears in a puff of smoke!
The wall freezes the bullfrog.
The bullfrog closely misses you.
Eustachio calls on the powers of shadow!
The ufetubus resists.
The wall freezes the ufetubus.
You block the ufetubus's attack. x2; The white imp resists.
The wall freezes the white imp.
The white imp hits you but does no damage.
You block the crimson imp's attack.
The white imp resists.
The wall freezes the white imp.
The white imp gestures at you. The puff of frost hits you.
* * * LOW HITPOINT WARNING * * *
The wall freezes the bullfrog.
The bullfrog closely misses you.
Blink to where?
Press: ? - help, Dir - move target Your frozen ramparts will break if you move.
Continue?
The frozen ramparts melt away as you move.
As you read the scroll of blinking, it crumbles to dust.
Eustachio casts a spell.
There is a stone staircase leading up here.
You climb upwards.
Level annotation: 1 runed translucent door, pokeman's ghost, novice DEWz
There is a stone staircase leading down here.
Found a scroll labelled CIAD POCIF HUC.
Pokeman's ghost gestures wildly while chanting.
You hear a bark!
Pokeman's ghost casts a spell.
Pokeman's ghost blinks!
The iron imp hits you.
* * * LOW HITPOINT WARNING * * *
Pokeman's ghost gestures at you while chanting.
The magic dart hits you.
* * * LOW HITPOINT WARNING * * *
A hound comes into view.
Unknown command.
You feel yourself speed up. The iron imp hits you!
You die...

?h.. #................ .
#...##........#....#.<
..#..)..........##......
...................... #..
#.........#.......... ...
#....>...###.........
.....##.§..W°○###..........
.#.............###.........
...#.#.#.°@................
..$...###5§.#.#.#..........
#########.......°##.###..........
≈≈≈≈≈≈≈≈#..##.>§###..#.#..##.....
≈≈≈(≈≈≈≈+..##...###....##........
≈≈≈≈≈≈≈≈#.....#.##........##.....
#########.......###........#.....
..##..#........## #.......##.....
..#.§...........###.#####>#......


You could see a hound, an iron imp (summoned) and pokeman's ghost.

Vanquished Creatures
  Grinder (D:4)
  Sigmund (D:2)
  An ogre (D:5)
  A phantom (D:6)
  3 bullfrogs
  2 scorpions
  A water moccasin zombie (D:6)
  3 jellies
  An orc priest (D:4)
  A hound (D:5)
  Jessica (D:3)
  A bullfrog skeleton (D:5)
  2 iguanas
  An orc wizard (D:4)
  13 adders
  An ufetubus (D:4)
  An adder zombie (D:5)
  2 adder skeletons (D:4)
  A worm (D:5)
  2 dart slugs
  9 orcs
  7 bats
  8 endoplasms
  5 giant cockroaches
  8 hobgoblins
  7 jackals
  6 quokkas
  5 ball pythons
  2 frilled lizards
  5 goblins
  7 kobolds
  18 rats (D:3)
127 creatures vanquished.

Vanquished Creatures (others)
  A plant (D:4)
1 creature vanquished.

Grand Total: 128 creatures vanquished

Notes
Turn   | Place    | Note
-------+----------+-------------------------------------------
     0 | D:1      | KoroneIsBestGirl the Barachi Ice Elementalist began the
                  | quest for the Orb.
     0 | D:1      | Reached XP level 1. HP: 13/13 MP: 3/3
   342 | D:1      | Reached skill level 5 in Ice Magic
   549 | D:1      | Found a faded altar of an unknown god.
   574 | D:1      | Reached XP level 2. HP: 19/19 MP: 0/5
   583 | D:1      | Prayed at the altar of an unknown god.
   583 | D:1      | Became a worshipper of Qazlal Stormbringer
   583 | D:1      | Reached * piety under Qazlal
  1523 | D:2      | Found Warun's Assorted Antiques.
  1557 | D:2      | Found Kuwyofet's General Store.
  1780 | D:2      | Reached XP level 3. HP: 24/24 MP: 4/7
  1844 | D:2      | Learned a level 3 spell: Frozen Ramparts
  1866 | D:2      | Learned a level 3 spell: Ozocubu's Armour
  1898 | D:2      | Reached XP level 4. HP: 17/30 MP: 4/8
  2449 | D:2      | Reached skill level 1 in Armour
  2482 | D:2      | Noticed Sigmund
  2551 | D:2      | Reached ** piety under Qazlal
  3007 | D:3      | Reached XP level 5. HP: 35/35 MP: 5/9
  3343 | D:3      | Found a bloodstained altar of Trog.
  3681 | D:3      | Reached *** piety under Qazlal
  3777 | D:3      | Noticed Jessica
  3790 | D:3      | Killed Jessica
  4237 | D:2      | Found Kycunyun's Antique Armour Emporium.
  4265 | D:2      | Killed Sigmund
  4266 | D:2      | Reached skill level 6 in Ice Magic
  4266 | D:2      | Reached XP level 6. HP: 22/41 MP: 7/12
  4521 | D:4      | Reached XP level 7. HP: 20/46 MP: 1/13
  4556 | D:4      | Identified the +0 leather armour of Liberalism {rPois
                  | Int+4}
  4730 | D:4      | Found Tunacsan's Distillery.
  5396 | D:4      | Noticed Grinder
  5403 | D:4      | Paralysed by Grinder for 3 turns
  5411 | D:4      | Paralysed by Grinder for 7 turns
  5695 | D:4      | Killed Grinder
  5696 | D:4      | Reached skill level 5 in Dodging
  5696 | D:4      | Reached skill level 5 in Spellcasting
  5696 | D:4      | Reached skill level 7 in Ice Magic
  6241 | D:4      | Found a glowing silver altar of Zin.
  6342 | D:5      | Entered Level 5 of the Dungeon
  6349 | D:5      | Reached XP level 8. HP: 52/52 MP: 10/15
  6613 | D:5      | Reached **** piety under Qazlal
  6687 | D:5      | Reached skill level 8 in Ice Magic
  6706 | D:5      | Found a runed translucent door.
  6731 | D:5      | Identified the +2 quarterstaff "Xoselen" {vamp, rElec MP-9
                  | Dex+2}
  6788 | D:5      | Found a runed translucent door.
  6790 | D:5      | Noticed pokeman's ghost (novice DEWz)
  7211 | D:6      | Noticed Eustachio
  7271 | D:5      | Slain by an iron imp

Illustrated notes

Levels and vault maps discovered:
D:1:      dpeg_arrival_more_subterranean_lakeside_camping, layout_basic,
          hellmonk_ecumenical_altar_zigzags, minmay_misc_feat_more_columns,
          minivault_4
D:2:      minmay_inner_zag, layout_basic, serial_shops, shop, shop, shop,
          minmay_increasing_density, uniq_sigmund
D:3:      layout_loops_ring, mainiacjoe_overflow_alcove_4, minmay_rat_hole,
          uniq_jessica
D:4:      layout_gridville, mainiacjoe_overflow_brackets, serial_forest,
          infiniplex_forest_lined_2, infiniplex_forest_clump_double,
          infiniplex_forest_clump_diagonal, infiniplex_forest_straight_5,
          infiniplex_forest_lined_room_2, infiniplex_forest_lined_4_way,
          infiniplex_forest_clump_small, serial_shops, shop,
          kennysheep_generic_room_10, uniq_grinder
D:5:      layout_cave_pools, ebering_ghost_sewer_f
D:6:      layout_cave_pools, okawaru_trees_1, overflow_temple_1_default,
          uniq_eustachio

Skill      XL: |  1  2  3  4  5  6  7  8 |
---------------+-------------------------+-----
Ice Magic      | 5 6 7 8 |  8.5
Dodging        | 3 4 5 6 |  6.6
Spellcasting   | 3 4 5 6 |  6.2
Armour         | 1 3 |  3.0
Stealth        | |  1.7

Action                   |  1- 3 |  4- 6 |  7- 9 || total
-------------------------+-------+-------+-------++-------
Melee: Unarmed           |    16 |    14 |       ||    30
       Dagger            |       |    43 |    94 ||   137
       Quarterstaff      |       |       |    31 ||    31
 Cast: Freeze            |    39 |    80 |    37 ||   156
       Frozen Ramparts   |       |     4 |    12 ||    16
       Ozocubu's Armour  |       |       |     5 ||     5
 Abil: Hop               |     1 |     1 |     4 ||     6
  Use: Potion            |       |       |     2 ||     2
       Scroll            |       |       |     3 ||     3
Armor: Robe              |    10 |     5 |     2 ||    17
       Scale mail        |       |    34 |       ||    34
       Leather armour    |       |       |    32 ||    32
Dodge: Dodged            |    44 |    63 |   115 ||   222
Block: Other             |       |    15 |    53 ||    68

Table legend: (Time is in decaauts)
 A = Elapsed time spent in this place.
 B = Non-inter-level travel time spent in this place.
 C = Inter-level travel time spent in this place.
 D = Time resting spent in this place.
 E = Time spent auto-exploring this place.
 F = Levels seen in this place.
 G = Mean time per level.
                   A        B        C        D        E       F      G
               +--------+--------+--------+--------+--------+-----+--------+
         Total |   7910 |   7705 |    205 |    316 |   6291 |   6 | 1318.3 |
       Dungeon |   7910 |   7705 |    205 |    316 |   6291 |   6 | 1318.3 |
               +--------+--------+--------+--------+--------+-----+--------+

Top non-repeatable levels by time:
     D:2: 1875 daAuts
     D:4: 1786 daAuts
     D:3: 1627 daAuts
     D:1: 1627 daAuts
     D:5: 536 daAuts
     D:6: 455 daAuts
